 Dungeon Crawl Stone Soup version 0.30.1-1-g62c8e00024 (webtiles) character file.

Game seed: 5648967583992163844

3241 DwarfAlpaca the Fighter (level 10, 0/74 HPs)
             Began as a Formicid Monk on July 15, 2023.
             Was a Priest of Hepliaklqana.
             Slain by a yak (7 damage)
             ... on level 8 of the Dungeon.
             The game lasted 00:30:43 (5933 turns).

DwarfAlpaca the Fighter (Formicid Monk)             Turns: 5933, Time: 00:30:43

Health: 0/74       AC:  6    Str: 19    XL:     10   Next: 18%
Magic:  10/10      EV: 13    Int: 11    God:    Hepliaklqana [***...]
Gold:   308        SH:  0    Dex: 18    Spells: 9/9 levels left

rFire   . . .        G - +1 spear (heavy)
rCold   . . .        d - orb {light}
rNeg    . . .        n - +2 leather armour of Selurin {Dex+2 SInv}
rPois   +            (helmet unavailable)
rElec   .            (no cloak)
rCorr   +            (no gloves)
SInv    +            (no boots)
Will    +....        b - amulet of regeneration
Stlth   +            h - ring of poison resistance
HPRegen 1.12/turn    y - ring of resist corrosion
MPRegen 0.12/turn

%: no passive effects
@: glowing
A: reduced essence, permanent stasis, dig shafts and tunnels, antennae 3, four
strong arms
a: Dig, Shaft Self, Renounce Religion, Recall Ancestor, Ancestor Identity,
Transference


You were on level 8 of the Dungeon.
You worshipped Hepliaklqana.
Hepliaklqana was most pleased with you.
You visited 1 branch of the dungeon, and saw 8 of its levels.

You collected 414 gold pieces.
You spent 106 gold pieces at shops.

Inventory:

Hand Weapons
 a - a +0 halberd
 G - a +1 heavy spear (weapon)
Armour
 d - an orb of light (worn)
 n - the +2 leather armour of Selurin (worn) {Dex+2 SInv}
   (You found it on level 2 of the Dungeon)

   Dex:       It affects your dexterity (+2).
   SInv:      It lets you see invisible.
Jewellery
 b - an amulet of regeneration (around neck)
 h - a ring of poison resistance (left hand)
 y - a ring of resist corrosion (right hand)
Wands
 v - a wand of polymorph (10)
 B - a wand of quicksilver (12)
 D - a wand of charming (11)
Scrolls
 f - 2 scrolls of enchant weapon
 g - 2 scrolls of identify
 k - 3 scrolls of magic mapping {unknown}
 m - 4 scrolls of enchant armour {unknown}
 p - a scroll of amnesia {unknown}
 q - 3 scrolls of vulnerability
 t - 4 scrolls of teleportation {unknown}
 w - a scroll of blinking {unknown}
 A - 2 scrolls of fog {unknown}
 C - a scroll of acquirement {unknown}
 J - a scroll of noise {unknown}
Potions
 c - a potion of ambrosia
 e - 3 potions of curing
 i - 2 potions of invisibility
 j - a potion of might {unknown}
 l - 3 potions of brilliance
 o - a potion of berserk rage {unknown}
 s - a potion of resistance {unknown}
 u - 2 potions of flight {unknown}
 z - a potion of haste {unknown}
 E - a potion of mutation {unknown}
 F - a potion of lignification {unknown}
 H - a potion of attraction {unknown}
 I - a potion of degeneration {unknown}


   Skills:
 + Level 9.3 Fighting
 + Level 8.5 Polearms
 + Level 8.5 Armour
 - Level 2.7 Dodging


You had 9 spell levels left.
You didn't know any spells.
Your spell library contained the following spells:

 Spells                   Type           Power      Damage    Failure   Level
 Freeze                   Ice            0%         1d3       38%         1
 Summon Small Mammal      Summ           0%         N/A       38%         1
 Poisonous Vapours        Pois/Air       0%         N/A       52%         2
 Call Canine Familiar     Summ           0%         N/A       77%         3
 Frozen Ramparts          Ice            0%         1d1       77%         3
 Hailstorm                Conj/Ice       0%         3d3       77%         3
 Ignite Poison            Fire/Tmut/Pois 0%         N/A       77%         3
 Summon Guardian Golem    Hex/Summ       0%         N/A       77%         3
 Volatile Blastmotes      Fire/Tloc      0%         2d10      77%         3
 Flame Wave               Conj/Fire      0%         2d4       99%         4
 Fulminant Prism          Conj/Hex       0%         3d5       99%         4
 Iskenderun's Mystic Bla  Conj/Tloc      0%         2d3       99%         4
 Fireball                 Conj/Fire      0%         3d3       100%        5
 Lee's Rapid Deconstruct  Erth           0%         3d4*      100%        5


Dungeon Overview and Level Annotations

Branches:
Dungeon (8/15)             Temple (0/1) D:7
   Lair: D:8-11

Altars:
Dithmenos
Fedhas
Hepliaklqana
Nemelex Xobeh
Qazlal
Ru
Trog
Vehumet
The Shining One

Shops:
D:1 :   D:2 !(!=   D:7 :


Innate Abilities, Weirdness & Mutations

Your life essence is reduced to manifest your ancestor. (-10% HP)
You cannot be hasted, slowed, berserked, paralysed or teleported.
You can dig through walls and to a lower floor.
You have a pair of large antennae on your head. (SInv)
Your four strong arms can wield two-handed weapons with a shield.


Message History

The yak gores you!
The gnoll hits Edmée with a +3 halberd!
Edmée is destroyed!
The yak gores you.
You puncture the yak!
The yak is almost dead.
The yak gores you! The yak gores you. The yak attacks as you move away!
The yak gores you!
You hit the yak.
The yak is moderately wounded.
The yak gores you but does no damage.
Reach: G) +1 spear (heavy)
Press: ? - help, Dir - move target, f/p - yak
Aim: a yak (almost dead, haloed, about 8% to evade your +1 heavy spear)
You hit the yak but do no damage.
The yak is almost dead.
The yak closely misses you. The yak misses you.
Reach: G) +1 spear (heavy)
Press: ? - help, Dir - move target, f/p - yak
Aim: a yak (almost dead, haloed, about 8% to evade your +1 heavy spear)
You hit the yak but do no damage.
The yak is almost dead.
The gnoll hits you from afar with a +3 halberd.
The yak gores you! The yak gores you but does no damage.
Okay, then.
You feel much better. The yak gores you!
The gnoll hits you from afar with a +3 halberd!
The gnoll hits you from afar with a +0 halberd!
The yak misses you. The yak attacks as you move away!
The yak completely misses you. The yak attacks as you move away!
The yak barely misses you. The yak attacks as you move away!
The yak gores you but does no damage. The gnoll barely misses you.
The yak barely misses you. The yak attacks as you move away!
The yak misses you. The yak gores you!
* * * LOW HITPOINT WARNING * * *
The gnoll closely misses you. The gnoll hits you but does no damage.
The yak attacks as you move away! The yak barely misses you.
The gnoll misses you. The gnoll hits you with a +3 halberd!
* * * LOW HITPOINT WARNING * * *
The yak gores you!
You die...

### ######### #..
#.......# #..
#...(...# #..
#######.......#####..
#....................
#....................
#...@g..............#
#..YYg...###........#
#...gg...# #.gg.....#
#........# #g†......#
#........# #....)...#
########## #g.....PPP
......P... #..g.P.P.
....PP...


You could see 2 yaks and 4 gnolls.

Vanquished Creatures
  Sigmund (D:3)
  An ice beast (D:6)
  A black bear (D:8)
  3 ogres
  3 phantoms
  2 bullfrogs
  Blork the orc (D:6)
  A scorpion (D:8)
  2 killer bees (D:7)
  A howler monkey (D:8)
  3 jellies
  A gnoll bouda (D:5)
  An orc priest (D:7)
  A hound (D:5)
  2 sleepcaps
  Natasha (thrice) (D:4)
  2 iguanas
  2 orc wizards (D:5)
  Robin (D:2)
  4 gnolls
  4 adders
  A white imp (D:6)
  An ufetubus (D:4)
  4 worms
  2 dart slugs
  4 orcs
  4 ball pythons
  4 endoplasms
  3 giant cockroaches
  6 goblins
  10 hobgoblins
  3 quokkas
  3 bats
  2 frilled lizards
  10 kobolds
  5 rats
102 creatures vanquished.

Vanquished Creatures (collateral kills)
  A hornet (D:8)
  Menkaure (D:4)
  2 ice beasts
  A phantom (D:6)
  A kobold brigand (D:6)
  2 bullfrogs
  3 scorpions
  3 wights (D:6)
  3 killer bees (D:7)
  A jelly (D:7)
  A gnoll bouda (D:8)
  Ijyb (D:3)
  An iguana (D:6)
  2 orc wizards
  5 gnolls
  5 orcs
  4 kobolds (D:6)
37 creatures vanquished.

Vanquished Creatures (others)
  2 battlemagi
2 creatures vanquished.

Grand Total: 141 creatures vanquished

Notes
Turn   | Place    | Note
-------+----------+-------------------------------------------
     0 | D:1      | DwarfAlpaca the Formicid Monk began the quest for the Orb.
     0 | D:1      | Reached XP level 1. HP: 18/18 MP: 1/1
    41 | D:1      | Found Amamismu's Book Emporium.
   153 | D:1      | Reached XP level 2. HP: 24/24 MP: 2/2
   231 | D:1      | Reached skill level 1 in Armour
   509 | D:2      | Reached XP level 3. HP: 28/30 MP: 3/3
   623 | D:2      | Identified the +2 leather armour of Selurin {Dex+2 SInv}
   704 | D:2      | Found Gysoukeg's Antique Weapon Shoppe.
   748 | D:2      | Found Intotep's Distillery.
   754 | D:2      | Bought a potion of curing for 36 gold pieces
   797 | D:2      | Noticed Robin
   870 | D:2      | Killed Robin
   871 | D:2      | Reached skill level 4 in Fighting
   871 | D:2      | Reached XP level 4. HP: 27/37 MP: 4/4
   891 | D:2      | Found Gekach's Jewellery Shoppe.
   908 | D:2      | Identified the -2 buckler of Weru {rPois Dex+4 SInv}
  1135 | D:2      | Found Ixtei's Distillery.
  1409 | D:3      | Noticed a phantom
  1430 | D:3      | Killed a phantom
  1431 | D:3      | Reached XP level 5. HP: 40/43 MP: 5/5
  1608 | D:3      | Found a glowing golden altar of the Shining One.
  1689 | D:3      | Noticed Ijyb
  1820 | D:3      | Noticed Sigmund
  2064 | D:4      | Reached XP level 6. HP: 49/49 MP: 6/6
  2178 | D:4      | Noticed Menkaure
  2568 | D:3      | Killed Sigmund
  2569 | D:3      | Reached skill level 5 in Fighting
  2569 | D:3      | Reached XP level 7. HP: 48/56 MP: 7/7
  2724 | D:3      | Found a shadowy altar of Dithmenos.
  2823 | D:2      | Bought a potion of heal wounds for 70 gold pieces
  2904 | D:4      | Reached skill level 5 in Polearms
  2904 | D:4      | Noticed Natasha
  2912 | D:4      | Killed Natasha
  3012 | D:4      | Noticed Natasha
  3023 | D:4      | Killed Natasha
  3162 | D:4      | Noticed Natasha
  3176 | D:4      | Killed Natasha
  3237 | D:5      | Entered Level 5 of the Dungeon
  3287 | D:5      | Reached skill level 6 in Fighting
  3304 | D:5      | Reached skill level 5 in Armour
  3304 | D:5      | Reached XP level 8. HP: 62/64 MP: 8/8
  3396 | D:5      | Found a stormy altar of Qazlal.
  3396 | D:5      | Found a sacrificial altar of Ru.
  3419 | D:5      | Found a sparkling altar of Nemelex Xobeh.
  3448 | D:5      | Found a blossoming altar of Fedhas.
  3450 | D:5      | Found a bloodstained altar of Trog.
  3454 | D:5      | Found a hazy altar of Hepliaklqana.
  3571 | D:5      | Became a worshipper of Hepliaklqana the Forgotten
  3571 | D:5      | Reached * piety under Hepliaklqana
  3571 | D:5      | Reached ** piety under Hepliaklqana
  3572 | D:5      | Remembered your ancestor Edmée as a battlemage
  3730 | D:5      | Found a radiant altar of Vehumet.
  3785 | D:5      | Got Qoliwk's Volume of the Smouldering Snake
  4048 | D:3      | Killed Ijyb
  4349 | D:4      | Killed Menkaure
  4350 | D:4      | Reached skill level 7 in Fighting
  4525 | D:6      | Reached XP level 9. HP: 64/64 MP: 9/9
  4609 | D:6      | Noticed Blork the orc
  4615 | D:6      | Killed Blork the orc
  4733 | D:6      | Reached skill level 8 in Fighting
  5203 | D:7      | Found Caxa's Tremendous Tomes.
  5426 | D:7      | Reached *** piety under Hepliaklqana
  5789 | D:7      | Found a staircase to the Ecumenical Temple.
  5825 | D:8      | Noticed a hornet
  5830 | D:8      | Killed a hornet
  5831 | D:8      | Reached skill level 9 in Fighting
  5831 | D:8      | Reached XP level 10. HP: 52/74 MP: 10/10
  5933 | D:8      | Slain by a yak

Illustrated notes

Levels and vault maps discovered:
D:1:      scummos_arrival_simple_crosswalls, layout_rooms, serial_shops, shop
D:2:      layout_loops_ring, serial_shops, shop, nicolae_shop_stone, shop,
          nicolae_shop_peninsula, grunt_decor_fettered, uniq_robin
D:3:      layout_basic, nicolae_tso_swordbearing_angel, grunt_dithmenos_smoke,
          uniq_ijyb, uniq_sigmund
D:4:      layout_loops_ring, lightli_corner_chamber, uniq_menkaure, uniq_natasha
D:5:      layout_rooms, nicolae_overflow_hallway_of_the_gods,
          fiery_altar_vehumet, kennysheep_generic_room_10
D:6:      layout_loops_ring, uniq_blork_the_orc
D:7:      layout_basic, minmay_temple_entry_enclosed_plants,
          nicolae_shop_i_like_big_books
D:8:      layout_basic, due_lair_maze_entry_diamond, kennysheep_generic_room_5

Skill      XL: |  1  2  3  4  5  6  7  8  9 |
---------------+----------------------------+-----
Armour         | 1 2 3 4 5 6 8 |  8.5
Fighting       | 4 5 6 7 9 |  9.3
Polearms       | 4 5 6 8 |  8.5
Dodging        | |  2.7

Action                     |  1- 3 |  4- 6 |  7- 9 | 10-12 || total
---------------------------+-------+-------+-------+-------++-------
  Melee: Spear             |   130 |   125 |   258 |    19 ||   532
         Unarmed           |       |    13 |       |       ||    13
 Invoke: Ancestor Life: Ba |       |       |     1 |       ||     1
  Evoke: Wand              |       |       |     4 |     3 ||     7
    Use: Scroll            |       |       |     4 |       ||     4
         Potion            |       |       |       |     1 ||     1
   Stab: Distracted        |       |       |     6 |       ||     6
 Armour: Robe              |     7 |       |       |       ||     7
         Leather armour    |    13 |    17 |    25 |    10 ||    65
  Dodge: Dodged            |    59 |    40 |    73 |    20 ||   192
